[Event "*** Titled Tuesday Blitz"]
[Site "Chess.com"]
[Date "2019.11.05"]
[Round "5"]
[White "LimeInTheCoconut"]
[Black "kleinebeer98"]
[Result "0-1"]
[WhiteElo "2462"]
[BlackElo "2683"]
[TimeControl "180+2"]
[EndTime "14:08:44 PST"]
[Termination "kleinebeer98 won by resignation"]

1. Nf3 Nf6 2. c4 c5 3. g3 g6 4.
d4 cxd4 5. Nxd4 Nc6 6. Bg2 Bg7 7.
Nc3 O-O 8. Nc2 d6 9. O-O Be6 10.
Ne3 Rc8 11. Bd2 Ng4 12. Nxg4 Bxg4 13. b3 Qd7 14. Rc1 Nd4 15. f3 Bh3 16. e3 Bxg2 17. Kxg2 Nf5 18. Qe2 h5 19. Qd3 h4 20. g4 Nh6 21. e4 f5 22. exf5 gxf5 23. g5 Nf7 24.
f4 e5 25. Nd5 Rce8 26. Kh1 Qc6 27. Qf3 exf4 28. Bxf4 Re4 29. Qxe4 fxe4 30. Ne7+ Kh7 31. Nxc6 bxc6 32. Rcd1 a5 33. Bxd6 Nxd6 34. g6+ Kh6 35. Rxf8 Bxf8 36. Rf1 Bg7 37. Kg2 Kxg6 38. Kf2 Bd4+ 39. Ke2 Nf5 40. Rf4 Be5 41. Rxe4 Bxh2 42. Re6+ Kg5 43. Kf2 c5 44. Ra6 h3 45. Rxa5 Be5 46.
Ra8 Kf4 47. Rf8 Ke4 48. Rxf5 Kxf5 49. a3 Bc3 50. Kg3 Ke4 51. b4 Bxb4 52. axb4 cxb4 53. c5 Kd5 54. c6 Kxc6 55. Kxh3 b3 0-1

[Event "*** Titled Tuesday Blitz"]
[Site "Chess.com"]
[Date "2019.11.05"]
[Round "5"]
[White "TomsKantans"]
[Black "Orest_Vovk"]
[Result "1-0"]
[WhiteElo "2603"]
[BlackElo "2415"]
[TimeControl "180+2"]
[EndTime "14:08:44 PST"]
[Termination "TomsKantans won on time"]

1. e4 Nc6 2. Nf3 f5 3. exf5 d5 4. d4 Bxf5 5. Bb5 Qd6 6. Ne5 Nf6 7. O-O Nd7 8. Bf4 Ndxe5 9. Bxe5 Qg6 10. Nc3 e6 11. Qe2 Be7 12. Bxc7 O-O 13. Bxc6 bxc6 14. Rfe1 Bb4 15. Qd2 Bxc2 16. Re3 Rf7 17. Be5 Raf8 18. Rg3 Qf5 19. Rc1 Bb1 20. a3 Bxc3 21. Rcxc3 Qe4 22.
Rxc6 g6 23. f3 Qf5 24. h4 Qh5 25. Qg5 Qxg5 26. hxg5 Bf5 27. f4 Rb7 28. b4 Ra8 29.
Rgc3 Rf8 30. Rc7 Rf7 31. Rc8+ Rf8 32. Kf2 Rf7 33. Ke3 Be4 34. g4 Rxc8 35. Rxc8+ Rf8 36. Rc6 Re8 37. Rc7 Kf8 38. Rxa7 Rc8 39. Bc7 Bc2 40.
b5 Ke8 41. b6 Kd7 42. Be5+ Kc6 43. b7 1-0

[Event "*** Titled Tuesday Blitz"]
[Site "Chess.com"]
[Date "2019.11.05"]
[Round "5"]
[White "ChessBitl"]
[Black "NikolaMa2000"]
[Result "1-0"]
[WhiteElo "2347"]
[BlackElo "2014"]
[TimeControl "180+2"]
[EndTime "14:08:44 PST"]
[Termination "ChessBitl won by resignation"]

1. e4 e6 2. d4 d5 3. Nd2 c5 4. Ngf3 dxe4 5. Nxe4 Nf6 6. Bg5 Qa5+ 7. Bd2 Qc7 8. Bb5+ Bd7 9. Nxf6+ gxf6 10. Bxd7+ Qxd7 11. Be3 Rg8 12. O-O cxd4 13. Nxd4 Nc6 14. Nb5 a6 15.
Qxd7+ Kxd7 16. Rad1+ Kc8 17. Nc3 Be7 18. Na4 Kc7 19.
Rd2 Ne5 20. Re2 Nc4 21. Bc1 b5 22. Nc3 Rad8 23. b3 Nb6 24. Bf4+ Kb7 25. Ne4 f5 26. Ng3 Nd5 27. Be5 Bf6 28. Bxf6 Nxf6 29. Rfe1 Rd7 30. f3 Rgd8 31. Kf2 Nd5 32. Rd2 Nc3 33. Rxd7+ Rxd7 34. a4 Rd2+ 35. Kg1 Rxc2 36. axb5 axb5 37. Nh5 Nd5 38. g4 fxg4 39. fxg4 Rb2 40. Rf1 f5 41. gxf5 exf5 42. Rxf5 Nc3 43. Rf7+ Kc6 44. Rxh7 Rxb3 45. Nf4 Nd5 46.
Rh6+ Kc5 47. Rh5 Rb1+ 48. Kf2 Rb2+ 49. Ke1 Rb1+ 50. Kd2 Rb2+ 51. Kc1 Rf2 52. Nxd5 Kc4 53. Ne3+ Kc3 54. Nd1+ 1-0

[Event "*** Titled Tuesday Blitz"]
[Site "Chess.com"]
[Date "2019.11.05"]
[Round "5"]
[White "JSPrepz"]
[Black "olksuna"]
[Result "1-0"]
[WhiteElo "2828"]
[BlackElo "2581"]
[TimeControl "180+2"]
[EndTime "14:08:48 PST"]
[Termination "JSPrepz won on time"]

1. e4 c5 2. Nf3 Nc6 3. Nc3 g6 4. h3 Bg7 5. Bc4 e5 6. d3 h6 7. Nd5 d6 8. c3 Nge7 9. Be3 O-O 10. Qd2 Kh7 11. h4 Nxd5 12. Bxd5 h5 13. Ng5+ Kg8 14. O-O-O Qe7 15. g4 Bxg4 16. Rdg1 Nd4 17.
Nxf7 Rxf7 18. cxd4 cxd4 19. Bg5 Qc7+ 20. Kb1 Rf8 21.
f4 Kh7 22. Bxf7 Qxf7 23. f5 gxf5 24. exf5 Qxf5 25. Be7 Rf7 26. Bxd6 e4 27. dxe4 Qxe4+ 28. Ka1 d3 29. Re1 Qd4 30. Bg3 Rf3 31. Rhg1 a5 32. Ref1 Re3 33. Bf2 Re2 34. Bxd4 Rxd2 35. Rf7 Re2 36.
Rxg7+ Kh6 37. Bc3 b5 38. a3 b4 39. axb4 axb4 40. R7xg4 hxg4 41. Bxb4 Kh5 42. Rd1 Re3 43. Bc5 Rf3 44. Be7 g3 45. Rd2 Kg4 46. Ka2 Kf4 47. h5 Ke3 48. Bg5+ Kd4 49. h6 Rf7 50. Rg2 Ra7+ 51. Kb1 Rf7 52. Rxg3 d2 53. Bxd2 1-0

[Event "*** Titled Tuesday Blitz"]
[Site "Chess.com"]
[Date "2019.11.05"]
[Round "5"]
[White "medalja"]
[Black "Heineccius"]
[Result "0-1"]
[WhiteElo "2393"]
[BlackElo "2594"]
[TimeControl "180+2"]
[EndTime "14:09:00 PST"]
[Termination "Heineccius won by resignation"]

1. d4 Nf6 2. c4 e6 3. Nf3 Bb4+ 4. Bd2 a5 5. Nc3 d6 6. Qc2 Nbd7 7. e4 e5 8. a3 Bxc3 9. Bxc3 O-O 10. dxe5 Nxe5 11. Nxe5 dxe5 12. Bxe5 Re8 13. Rd1 Qe7 14. Bxf6 Qxf6 15.
Be2 Qg6 16. O-O Bh3 17. Bf3 Be6 18. c5 a4 19. Qc3 Bb3 20. Rde1 Rad8 21. Qb4 b6 22. e5 Qh6 23. g3 Qd2 24. Qh4 Qxb2 25. Bc6 Rf8 26. f4 Qd4+ 27. Kh1 Qxc5 28. Be4 h6 29. Qg4 Bd5 30. f5 Bxe4+ 31. Qxe4 Rd4 32. Qe3 Qd5+ 33. Kg1 Rd3 34. Qe4 Qxe4 35. Rxe4 Rxa3 36. Rc1 c5 37. e6 fxe6 38. fxe6 Re8 39. Rd1 Re7 40. Rd8+ Kh7 41. Rd7 Rxd7 42. exd7 Rd3 43. Rxa4 Rxd7 44. Kf2 b5 45. Ra5 Rb7 46. Ke3 Kg6 47.
Kd3 Kg5 48. Ra6 h5 49. Kc3 Kg4 50. Rc6 c4 51. Rg6+ Kh3 52. Rg5 b4+ 53. Kxc4 b3 54. Rxh5+ Kg2 55. Ra5 b2 56. Ra2 Kg1 0-1

[Event "*** Titled Tuesday Blitz"]
[Site "Chess.com"]
[Date "2019.11.05"]
[Round "5"]
[White "ChessWarrior7197"]
[Black "AryanTari"]
[Result "1-0"]
[WhiteElo "2956"]
[BlackElo "2852"]
[TimeControl "180+2"]
[EndTime "14:09:01 PST"]
[Termination "ChessWarrior7197 won by resignation"]

1. e4 c6 2. d4 d5 3. Nc3 dxe4 4.
Nxe4 Bf5 5. Ng3 Bg6 6. h4 h6 7.
Nf3 e6 8. h5 Bh7 9. Bd3 Bxd3 10. Qxd3 Nf6 11. Bd2 c5 12. O-O-O Nc6 13. Be3 Rc8 14.
Rhe1 Nb4 15. Qb5+ Qd7 16. Qxd7+ Nxd7 17. c3 Nd5 18. Ne4 Be7 19. dxc5 Nxe3 20. Rxe3 Nxc5 21. Nd6+ Bxd6 22. Rxd6 Ke7 23. Rd2 Rhd8 24. Nd4 Rd5 25. Nxe6 Nd3+ 26. Rdxd3 Rxd3 27. Rxd3 fxe6 28. f3 Rg8 29. g4 g6 30. hxg6 Rxg6 31. Kc2 h5 32. gxh5 Rg5 33. Rd4 Rxh5 34. Ra4 a6 35. Rb4 b5 36. a4 Kd6 37. axb5 axb5 38. Rd4+ Kc6 39.
Kd3 Rh1 40. Re4 Kd6 41. Re2 Rf1 42. Ke4 Rd1 43. Re3 Rb1 44. b4 Rc1 45. Rd3+ Kc6 46. Ke5 Re1+ 47. Kf6 Re2 48. f4 Re4 49. Rd4 Re3 50.
Ke7 Kc7 51. Rd7+ Kc8 52. Rd6 Re4 53. Rd4 Re3 54. Kd6 Re1 55. Kc6 e5 56. fxe5 Rxe5 57. Rd5 Re3 58. Rc5 1-0

[Event "*** Titled Tuesday Blitz"]
[Site "Chess.com"]
[Date "2019.11.05"]
[Round "5"]
[White "DeGrootteZ"]
[Black "Lestofante90"]
[Result "1-0"]
[WhiteElo "2624"]
[BlackElo "2830"]
[TimeControl "180+2"]
[EndTime "14:09:04 PST"]
[Termination "DeGrootteZ won by resignation"]

1. e4 e5 2. Nf3 Nc6 3. Bc4 Bc5 4.
d3 Nf6 5. O-O O-O 6. c3 Bb6 7.
Bb3 d6 8. Nbd2 Ne7 9. h3 Ng6 10. Re1 Re8 11. Nf1 Be6 12. Ng3 h6 13. Bxe6 Rxe6 14.
d4 d5 15. exd5 Qxd5 16. dxe5 Qxd1 17. Rxd1 Nxe5 18. Nxe5 Rxe5 19. a4 g5 20. Kf1 Rae8 21.
f4 Rc5 22. Re1 Rxe1+ 23. Kxe1 Rd5 24. Bd2 Bf2+ 25. Kxf2 Rxd2+ 26. Kf3 Rxb2 27. Nf5 Kh7 28. Re1 Nd5 29. fxg5 hxg5 30. c4 Nf4 31. g3 Nd3 32. Re7 Kg6 33. Ne3 Rf2+ 34. Ke4 Nc5+ 35. Kd4 Nxa4 36. Rxc7 b6 37. Rxa7 Rd2+ 38. Ke4 Nc5+ 39.
Kf3 Rd3 40. Ke2 Rb3 41. Ng4 f6 42. Ne3 Ne4 43. g4 Nc3+ 44. Kf2 Ne4+ 45. Ke2 Rb2+ 46. Kd3 Nf2+ 47. Kc3 Nd1+ 48. Nxd1 Rh2 49. Ne3 Rxh3 50. Kd4 f5 51. gxf5+ Kf6 52. Rb7 Rh4+ 53. Kd3 g4 54.
Rxb6+ Ke5 55. Rg6 Kf4 56. Rxg4+ 1-0

[Event "*** Titled Tuesday Blitz"]
[Site "Chess.com"]
[Date "2019.11.05"]
[Round "5"]
[White "Sanan_Sjugirov"]
[Black "13MiRacLe"]
[Result "1-0"]
[WhiteElo "2964"]
[BlackElo "2611"]
[TimeControl "180+2"]
[EndTime "14:09:08 PST"]
[Termination "Sanan_Sjugirov won by checkmate"]

1. Nf3 Nf6 2. g3 g6 3. Bg2 Bg7 4. c4 d5 5. cxd5 Nxd5 6. Nc3 Nb6 7. h4 Nc6 8. h5 O-O 9. d3 Bg4 10. hxg6 hxg6 11. Be3 e5 12. Qd2 f6 13. Bh6 Rf7 14. Bxg7 Rxg7 15. Ne4 Nd5 16. Rc1 Bxf3 17. Bxf3 Nd4 18.
Bg2 c6 19. Nc5 Qe7 20. e3 Ne6 21. Ne4 Rh7 22. Rxh7 Kxh7 23. Nc3 Rd8 24. Nxd5 cxd5 25. Qa5 b6 26. Qb5 d4 27. e4 Nc5 28. b4 Ne6 29.
Ke2 Rd7 30. Bh3 Rc7 31. Rxc7 Nxc7 32. Qc6 Ne8 33. a3 Kg7 34. Be6 Kf8 35. Bb3 Qd6 36.
Qc4 Ke7 37. Qf7+ Kd8 38. Qxg6 Qc6 39. Qg8 Qc3 40. Qd5+ Ke7 41. Qe6+ Kd8 42. Qd5+ Ke7 43. Qf7+ Kd8 44. Bc4 Qb2+ 45. Kf1 Qxa3 46. Bb5 Qc1+ 47. Kg2 Nd6 48. Qd7# 1-0

[Event "*** Titled Tuesday Blitz"]
[Site "Chess.com"]
[Date "2019.11.05"]
[Round "5"]
[White "deBaller"]
[Black "sergeikim"]
[Result "1/2-1/2"]
[WhiteElo "2340"]
[BlackElo "2537"]
[TimeControl "180+2"]
[EndTime "14:09:08 PST"]
[Termination "Game drawn - insufficient material"]

1. e4 e5 2. Nf3 Nc6 3. d4 exd4 4. Bc4 Nf6 5. e5 d5 6. Bb5 Ne4 7. Nxd4 Bc5 8. Be3 Bxd4 9. Bxd4 O-O 10. Bxc6 bxc6 11. O-O c5 12. Be3 d4 13. f3 dxe3 14.
fxe4 Ba6 15. Qxd8 Raxd8 16. Re1 Rd2 17. Na3 e2 18. Kf2 Re8 19. Ke3 Rd4 20. c3 Rdd8 21. c4 Rxe5 22. Rxe2 Rd4 23. Kf4 f6 24. b3 Bb7 25.
Rae1 g5+ 26. Kf3 f5 27. Nb5 Rdxe4 28. Rxe4 Rxe4 29. Rxe4 Bxe4+ 30. Kf2 Bb1 31. Nc3 Bc2 32. Nb5 a5 33. Nxc7 Bb1 34. Na6 Bxa2 35. Nxc5 Kf7 36. Ke3 Kf6 37. Kd4 f4 38. Ne4+ Kf5 39. Nd2 g4 40.
Kc3 Ke5 41. Kb2 Bxb3 42. Kxb3 Kd4 43. Kc2 a4 44. h3 h5 45. hxg4 hxg4 46. Kb2 Kd3 47.
c5 Kxd2 48. c6 f3 49. gxf3 gxf3 50. c7 f2 51. c8=Q f1=Q 52. Qc3+ Ke2 53. Qc4+ Kf2 54. Qxf1+ Kxf1 55. Ka3 Ke2 56. Kxa4 1/2-1/2

[Event "*** Titled Tuesday Blitz"]
[Site "Chess.com"]
[Date "2019.11.05"]
[Round "5"]
[White "MissingLife"]
[Black "Alextorngren"]
[Result "0-1"]
[WhiteElo "2365"]
[BlackElo "2222"]
[TimeControl "180+2"]
[EndTime "14:09:17 PST"]
[Termination "Alextorngren won by resignation"]

1. Nf3 c5 2. g3 g6 3. d3 Bg7 4.
Nbd2 Nc6 5. e4 e5 6. Bg2 Nge7 7. O-O d6 8. a4 O-O 9. Nc4 Be6 10. Ne3 h6 11. h4 Nd4 12. c3 Nb3 13. Rb1 Nxc1 14. Rxc1 Nc6 15. Nd5 f5 16. b4 cxb4 17. cxb4 Bxd5 18.
exd5 Nxb4 19. Qb3 a5 20. Nd2 f4 21. Be4 Qd7 22. Kg2 Qg4 23. Bf3 Qd7 24. Rc4 g5 25.
Qd1 Nxd3 26. Bg4 Qe7 27. Be6+ Kh8 28. Ne4 f3+ 29. Kh2 Nc5 30. Nxc5 dxc5 31. hxg5 Qxg5 32.
Rh1 Rae8 33. Rg4 Qf6 34. Kg1 Rxe6 35. dxe6 Qxe6 36. Rgh4 e4 37. Qd2 Rf6 38. Qe3 Kh7 39. Rxe4 Qc6 40. Re7 Kg8 41. Rh4 Rf8 42. Rg4 Rf7 43.
Rxf7 Kxf7 44. Rf4+ Kg8 45. Qe7 Qd5 46. Kh2 Qh5+ 47. Kg1 Qd5 48. Qe8+ Kh7 49. Qf7 Qxf7 50. Rxf7 Kg6 51. Rxb7 Bc3 52. Kh2 Bb4 53. g4 c4 54.
Kg3 c3 55. Rc7 Bd6+ 56. Kxf3 Bxc7 57. Ke3 Be5 58. f4 Bxf4+ 59. Kd3 Bd2 0-1

[Event "*** Titled Tuesday Blitz"]
[Site "Chess.com"]
[Date "2019.11.05"]
[Round "5"]
[White "gross-aleks"]
[Black "tteshan"]
[Result "0-1"]
[WhiteElo "2527"]
[BlackElo "2311"]
[TimeControl "180+2"]
[EndTime "14:09:21 PST"]
[Termination "tteshan won by resignation"]

1. c4 c5 2. Nc3 Nc6 3. g3 g6 4. Bg2 Bg7 5. Nf3 e6 6. e3 Nge7 7. O-O O-O 8. d4 cxd4 9. Nxd4 Nxd4 10. exd4 d5 11. cxd5 Nxd5 12. Nxd5 exd5 13. Be3 Be6 14. Qb3 Qd7 15. Rac1 Rac8 16. Rc5 b6 17. Rc3 Rc4 18.
Rd1 Rfc8 19. Qc2 Bf5 20. Qd2 Bh3 21. Rxc4 Rxc4 22. b3 Rc6 23. Bh6 Bxg2 24. Kxg2 Bh8 25. Re1 Rc8 26. Qg5 Bxd4 27. Rd1 f6 28. Qd2 Be5 29. Qxd5+ Qxd5+ 30. Rxd5 Rc7 31. f4 Bb2 32. f5 Kf7 33. g4 Be5 34. h3 Ke7 35. fxg6 hxg6 36.
Rd2 Ke6 37. Be3 f5 38. Kf3 Rc3 39. gxf5+ gxf5 40. Ke2 f4 41. Bd4 Bxd4 42. Rxd4 Rc2+ 43.
Rd2 Rc3 44. Rd3 Rc2+ 45. Kf3 Rxa2 46. Kxf4 Rh2 47. Ke4 a5 48. Kd4 Kd6 49. Kc4+ Kc6 50. Rc3 b5+ 51. Kd4+ Kd6 52. Rg3 a4 53. b4 Rh1 54.
Rg6+ Ke7 55. Kc5 Rxh3 56. Kxb5 a3 57. Ra6 Kd7 58. Ra7+ Kc8 59. Ra4 Kb7 60. Ka5 Ka7 61. b5 Kb7 62. Rg4 a2 63. Ra4 Rh8 0-1

[Event "*** Titled Tuesday Blitz"]
[Site "Chess.com"]
[Date "2019.11.05"]
[Round "5"]
[White "Hadza_3"]
[Black "Vojtap"]
[Result "1-0"]
[WhiteElo "2388"]
[BlackElo "2151"]
[TimeControl "180+2"]
[EndTime "14:09:21 PST"]
[Termination "Hadza_3 won by resignation"]

1. e4 c5 2. Nc3 Nc6 3. f4 g6 4.
Nf3 Bg7 5. Bc4 d6 6. O-O e6 7. d3 Nge7 8. Qe1 O-O 9. Qh4 d5 10. f5 dxc4 11. f6 Nf5 12. exf5 Bxf6 13. Bg5 Kg7 14. Qh6+ Kg8 15. Ne4 Bg7 16. Qh4 f6 17.
fxg6 hxg6 18. dxc4 Nd4 19. Bh6 e5 20. Rad1 Bf5 21.
Bxg7 Kxg7 22. Nxc5 Qb6 23. b4 Qxb4 24. Nd3 Bxd3 25.
cxd3 Rh8 26. Qf2 Nxf3+ 27. Qxf3 Qc5+ 28. Rf2 Qe7 29. Rb1 b6 30. c5 Rab8 31. c6 Rbc8 32. Rc1 Rhd8 33. c7 Rd7 34. Rc6 Rd6 35. Rcc2 Rxc7 36.
Rxc7 Qxc7 37. h4 Qc1+ 38. Kh2 Qc3 39. Qb7+ Kh6 40. Qe7 Qd4 41. Qf8+ Kh5 42. Qh8+ Kg4 43. Rf3 e4 44. Rg3+ Kf5 45. Qc8+ Rd7 46. dxe4+ Ke5 47. Rf3 Qd6 48. Qc3+ Kxe4+ 49. Kh3 Qe6+ 50. g4 Rd4 51.
Re3+ Kd5 52. Rxe6 Kxe6 53. Qxd4 1-0

[Event "*** Titled Tuesday Blitz"]
[Site "Chess.com"]
[Date "2019.11.05"]
[Round "5"]
[White "nitpicker"]
[Black "nocnypako"]
[Result "0-1"]
[WhiteElo "2296"]
[BlackElo "2546"]
[TimeControl "180+2"]
[EndTime "14:09:23 PST"]
[Termination "nocnypako won on time"]

1. d4 Nf6 2. c4 g6 3. Nc3 d5 4. Nf3 Bg7 5. Qa4+ c6 6. cxd5 Nxd5 7. Bd2 O-O 8. e4 Nb6 9. Qb4 Qd6 10. Qxd6 exd6 11.
h3 Re8 12. O-O-O a5 13. Bd3 a4 14. a3 Be6 15. Bf4 Bb3 16. Rde1 Rd8 17. Nd2 Be6 18. Nf3 Bb3 19. Re2 Na6 20. Be3 Nc4 21. Bg5 Re8 22.
Bf4 b5 23. Bxc4 Bxc4 24. Rd2 Rad8 25. Re1 c5 26. d5 Bxc3 27. bxc3 b4 28. cxb4 cxb4 29.
axb4 Nxb4 30. Bg5 Rc8 31. Kb1 Bd3+ 32. Kb2 Bxe4 33. Re3 Bxd5 34. Rxe8+ Rxe8 35. Rd4 a3+ 36. Kc3 a2 37. Rd1 Nc6 38. Bf6 Re6 39. Bg5 Bxf3 40. gxf3 Ne5 41. Be3 Nxf3 42. Ra1 Kg7 43. Rxa2 d5 44.
Ra7 Re4 45. Kd3 Ne5+ 46. Kd2 Nc4+ 47. Kd3 Nxe3 48. fxe3 Rh4 49. Rd7 Rh5 50. Rd6 Rxh3 51. Rxd5 Rh1 52. Ke2 h5 53. Kf3 Ra1 54. Rd7 Ra6 55.
Rb7 Rf6+ 56. Kg3 Re6 57. Kf3 Kf6 58. Rc7 g5 59. e4 Kg6 60. Rb7 h4 61. Ra7 h3 0-1

[Event "*** Titled Tuesday Blitz"]
[Site "Chess.com"]
[Date "2019.11.05"]
[Round "5"]
[White "pedroholly22"]
[Black "Rodalquilar"]
[Result "1/2-1/2"]
[WhiteElo "2380"]
[BlackElo "2627"]
[TimeControl "180+2"]
[EndTime "14:09:42 PST"]
[Termination "Game drawn - insufficient material"]

1. e4 e5 2. Nf3 Nc6 3. Bb5 a6 4. Ba4 Nf6 5. O-O Be7 6. Re1 b5 7. Bb3 d6 8. c3 O-O 9. h3 Na5 10.
Bc2 d5 11. d3 dxe4 12. dxe4 Qxd1 13. Rxd1 Bd6 14. Nbd2 Bb7 15. Re1 c5 16. Nf1 c4 17.
Ng3 g6 18. Be3 Kg7 19. Nh4 Bc7 20. Rad1 Rfd8 21. Bg5 h6 22. Be3 Nc6 23. Nf3 a5 24.
Rxd8 Rxd8 25. Rd1 Rxd1+ 26. Bxd1 b4 27. Bc2 Ba6 28. Nd2 Bb5 29. Ne2 b3 30. axb3 cxb3 31.
Bd1 a4 32. c4 Nb4 33. cxb5 Nd3 34. Nc4 Nxe4 35. b6 Bb8 36. f3 Nd6 37. Nd2 Nxb2 38. Bxb3 axb3 39. Nxb3 Ndc4 40. Bf2 Nd1 41. b7 Nd6 42.
Na5 Nxf2 43. Kxf2 Bc7 44. Nc6 Nxb7 45. f4 exf4 46. Kf3 g5 47. Kg4 Kg6 48. Nc3 f5+ 49.
Kf3 Nc5 50. Ne7+ Kh7 51. Nxf5 Nd3 52. h4 Ne1+ 53. Kf2 Nd3+ 54. Kf3 Kg6 55. Ne7+ Kh5 56. hxg5 hxg5 57. Ncd5 Bd6 58. Nf5 Ne1+ 59. Ke2 Nxg2 60. Nxd6 Nh4 61. Ne4 Kg4 62. Kf2 f3 63. Nd2 Kh3 64.
Ne3 g4 65. Nxg4 Kxg4 66. Nxf3 1/2-1/2

[Event "*** Titled Tuesday Blitz"]
[Site "Chess.com"]
[Date "2019.11.05"]
[Round "5"]
[White "Vuk2000"]
[Black "GM_dmitrij"]
[Result "1-0"]
[WhiteElo "2811"]
[BlackElo "2923"]
[TimeControl "180+2"]
[EndTime "14:09:57 PST"]
[Termination "Vuk2000 won by checkmate"]

1. d4 Nf6 2. Bg5 Ne4 3. Bf4 c5 4. f3 Qa5+ 5. c3 Nf6 6. d5 Qb6 7. Bc1 e6 8. e4 exd5 9. exd5 g6 10. Na3 d6 11. Nc4 Qd8 12. Bf4 Be7 13. Bh6 b5 14.
Ne3 Bd7 15. Qd2 Nh5 16. O-O-O f5 17. g4 fxg4 18. fxg4 Nf6 19. h4 Ne4 20. Qg2 Nf6 21. Nh3 Qa5 22. Kb1 Na6 23. Nf4 O-O-O 24. g5 Nh5 25. Ne6 Nc7 26. Nxd8 Rxd8 27. Be2 Nf4 28. Qf3 Nxe2 29. Qxe2 Re8 30. Qd2 c4 31. Bg7 Na6 32. Bd4 Bd8 33. Rhe1 Bb6 34. Nc2 Rd8 35. Bxb6 Qxb6 36.
Qe3 Nc5 37. Nd4 b4 38. cxb4 Qxb4 39. Qc3 Qa4 40. Rc1 Kb7 41. Qxc4 Qa5 42. b4 Qb6 43. Ka1 Na4 44. Nc6 Re8 45. Rxe8 Bxe8 46. Qd4 Qxd4+ 47. Nxd4 Nb6 48. Re1 Bd7 49. Re7 Kc8 50.
Rxh7 Nxd5 51. Rg7 Nf4 52. a3 a6 53. Kb2 Bg4 54. Kc3 Bh5 55. b5 axb5 56. Nxb5 d5 57.
a4 Ne6 58. Re7 Nd8 59. a5 d4+ 60. Nxd4 Nb7 61. Re5 Kb8 62. Nc6+ Kc7 63. Nb4 Nd6 64. Rc5+ Kb7 65. a6+ Ka7 66. Rc7+ Ka8 67. Rh7 Bf3 68. Kd4 Ne4 69. Nd5 Kb8 70. Nb6 Nxg5 71. a7# 1-0

[Event "*** Titled Tuesday Blitz"]
[Site "Chess.com"]
[Date "2019.11.05"]
[Round "5"]
[White "1995Tiger"]
[Black "Cruel_Yaro"]
[Result "1/2-1/2"]
[WhiteElo "2124"]
[BlackElo "2867"]
[TimeControl "180+2"]
[EndTime "14:09:57 PST"]
[Termination "Game drawn by repetition"]

1. d4 Nf6 2. c4 g6 3. Nf3 Bg7 4. g3 O-O 5. Bg2 d6 6. O-O Nc6 7. Nc3 a6 8. b3 Bg4 9. Bb2 Nd7 10. d5 Na7 11. Nd4 Nb6 12. h3 Bd7 13.
e4 c5 14. Nc2 e5 15. dxe6 Bxe6 16. f4 f5 17. exf5 Bxf5 18. g4 Bxc2 19. Qxc2 Nc6 20.
Bxc6 bxc6 21. Ne4 Bxb2 22. Qxb2 Qh4 23. Qg2 d5 24. Nxc5 Qe7 25. Qf2 dxc4 26. Rae1 Qa7 27. Ne6 Rf7 28. Kh2 cxb3 29. axb3 Nd5 30. Qxa7 Rfxa7 31. f5 gxf5 32. gxf5 Nf6 33. Rg1+ Kh8 34. Nc5 Rf7 35. Re6 Nd5 36. Rxc6 Rxf5 37. Rxa6 Rc8 38. Ne6 Ne3 39. Ra2 Rf3 40. Ng5 Rf5 41. Re2 Nf1+ 42.
Kh1 h6 43. Re1 Nd2 44. Ne4 Nf3 45. Nd6 Nxg1 46. Nxf5 Nxh3 47. Nxh6 Rc3 48. Nf5 Rxb3 49. Re3 Rb1+ 50. Kh2 Nf4 51. Kg3 Ng6 52. Re6 Kh7 53.
Ra6 Rb4 54. Ra7+ Kh8 55. Ne7 Ne5 56. Nd5 Rg4+ 57. Kh3 Rg6 58. Re7 Nf3 59. Ra7 Ne5 60.
Nf4 Rf6 61. Nd5 Rd6 62. Nf4 Kg8 63. Kg3 Nf7 64. Kf3 Kg7 65. Ke4 Kf6 66. Nh5+ Kg6 67. Nf4+ Kf6 68. Nd5+ Kg6 69. Ne7+ Kf6 70. Nd5+ Kg6 71.
Nf4+ Kf6 1/2-1/2

[Event "*** Titled Tuesday Blitz"]
[Site "Chess.com"]
[Date "2019.11.05"]
[Round "5"]
[White "TregubovP"]
[Black "LuckIsMySkill"]
[Result "0-1"]
[WhiteElo "2537"]
[BlackElo "2770"]
[TimeControl "180+2"]
[EndTime "14:10:10 PST"]
[Termination "LuckIsMySkill won by resignation"]

1. e4 g6 2. d4 Bg7 3. Nf3 d6 4. Nc3 a6 5. Be2 b5 6. O-O Bb7 7. Re1 Nd7 8. Bf1 c5 9. d5 Ngf6 10. h3 O-O 11. Bf4 b4 12. Na4 Nb6 13.
Nxb6 Qxb6 14. c4 bxc3 15. bxc3 c4 16. Rb1 Qc7 17. Qa4 Nd7 18. Qxc4 Rfc8 19. Qxc7 Rxc7 20. c4 a5 21. e5 dxe5 22. Nxe5 Nxe5 23. Bxe5 Bxe5 24.
Rxe5 Kf8 25. Rb5 a4 26. c5 f6 27. d6 exd6 28. cxd6 Rd7 29. Re7 Bc6 30. Rxd7 Bxd7 31. Rb7 Rd8 32. Bc4 h5 33. f4 Be8 34. Rb6 Bf7 35. Bxf7 Kxf7 36. Ra6 Ke6 37. Rxa4 Rxd6 38. Kf2 Rd2+ 39. Kf3 h4 40. Re4+ Kf5 41. Re2 Rd4 42.
g4+ hxg3 43. Kxg3 Rd3+ 44. Kg2 Kxf4 45. Rf2+ Kg5 46. Rb2 f5 47. a4 Ra3 48. Rb4 Kh5 49.
Kh2 g5 50. Kg2 f4 51. Rb8 Rxa4 52. Rh8+ Kg6 53. Rg8+ Kf6 54. Rf8+ Kg7 55. Rb8 Ra3 56.
Rc8 Rg3+ 57. Kh2 Kg6 58. Ra8 Re3 59. Kg2 Kf5 60. Rf8+ Ke4 61. Re8+ Kd3 62. Rg8 Ke2 63. Ra8 f3+ 64. Kh2 f2 65. Ra2+ Kf3 66. Ra1 Re1 67.
Ra3+ Ke4 0-1

[Event "*** Titled Tuesday Blitz"]
[Site "Chess.com"]
[Date "2019.11.05"]
[Round "5"]
[White "JonahWillow"]
[Black "Firouzja2003"]
[Result "0-1"]
[WhiteElo "2800"]
[BlackElo "3073"]
[TimeControl "180+2"]
[EndTime "14:10:11 PST"]
[Termination "Firouzja2003 won by resignation"]

1. e4 c5 2. Nf3 d6 3. d4 cxd4 4.
Nxd4 Nf6 5. f3 e5 6. Nb3 d5 7.
Bg5 d4 8. c3 Nc6 9. cxd4 exd4 10. Bb5 Bb4+ 11. Bd2 Bd6 12. Bxc6+ bxc6 13. Ba5 Qe7 14.
Qxd4 Ba6 15. Nc3 O-O 16. O-O-O Bf4+ 17. Kb1 Rab8 18. Qc5 Qb7 19. g3 Bh6 20. e5 Nd7 21.
Qd6 Nb6 22. Nc5 Qc8 23. Bxb6 Rxb6 24. Nd7 Re8 25. Nxb6 axb6 26. Qd7 Qa8 27. Rhe1 Bc4 28. Qd4 b5 29. f4 Be6 30. b3 g6 31. Kb2 Bf8 32.
a4 bxa4 33. Qxa4 Qb7 34. Ne4 Ra8 35. Nd6 Bxd6 36. Qxa8+ Qxa8 37. exd6 Qd8 38. Rxe6 fxe6 39.
d7 Kf7 40. b4 Ke7 41. Kb3 e5 42. Kc2 exf4 43. gxf4 Ke6 44. Kb3 Ke7 45. Kc2 h5 46. h4 Ke6 47. Kb3 Kf5 48. Kc4 Kxf4 49. Kc5 g5 50.
hxg5 Kxg5 51. Kxc6 Qf6+ 52. Rd6 Qd8 53. Rd5+ Kf6 54.
b5 Ke6 55. Rd6+ Ke7 56. b6 Qa8+ 57. Kc7 Qd8+ 58. Kc6 h4 59. b7 h3 60. Rd1 h2 61.
Re1+ Kf7 62. Rf1+ Kg7 63. Rd1 Qf6+ 64. Kc7 Qf4+ 65. Kc8 Qc4+ 66. Kd8 Qb3 67. Kc8 Qc2+ 68. Kd8 Qxd1 69. b8=Q h1=Q 70. Qg3+ Kf6 71. Qf4+ Ke6 72. Qg4+ Qxg4 0-1

[Event "*** Titled Tuesday Blitz"]
[Site "Chess.com"]
[Date "2019.11.05"]
[Round "5"]
[White "SCIM"]
[Black "Adham_Fawzy"]
[Result "1-0"]
[WhiteElo "2495"]
[BlackElo "2713"]
[TimeControl "180+2"]
[EndTime "14:10:19 PST"]
[Termination "SCIM won by checkmate"]

1. d4 Nf6 2. c4 e6 3. Nc3 Bb4 4. Qc2 O-O 5. Nf3 d5 6. cxd5 exd5 7. Bf4 Nbd7 8. e3 c5 9. Bd3 c4 10. Bf5 Nb6 11. O-O Bxf5 12. Qxf5 Bxc3 13. bxc3 Ne4 14. Rfc1 Qd7 15. Qh5 Na4 16. Ng5 Nf6 17. Qd1 h6 18. Nf3 Ne4 19. Qe1 f6 20. Rab1 g5 21.
Bg3 Rfe8 22. Rc2 b5 23. Qc1 a5 24. Nd2 Nxg3 25. hxg3 Rab8 26. a3 Qf5 27. Qd1 Qd3 28. Rbc1 b4 29. axb4 axb4 30. cxb4 Rxb4 31. Qf3 Nb6 32. Qxf6 Qh7 33. Nf3 Qg7 34. Qd6 Rb3 35. Ne5 Kh7 36. Ra2 c3 37. Ra7 Qxa7 38. Qg6+ Kh8 39. Qxe8+ Kh7 40. Qg6+ Kh8 41. Qxh6+ Kg8 42.
Qxg5+ Kf8 43. Qd8+ Kg7 44. Qg5+ Kf8 45. Ng6+ Kf7 46. Qh5 Kg7 47. Ne5 c2 48. Qg6+ Kf8 49. Qxc2 Rb5 50. Qf5+ Kg7 51. Qg5+ Kf8 52. Qf6+ Kg8 53.
g4 Nc4 54. Qe6+ Kf8 55. Qh6+ Kg8 56. Qg5+ Kf8 57. Qd8+ Kg7 58. Qd7+ Qxd7 59. Nxd7 Rb2 60. Ne5 Nd2 61. f3 Kf6 62. Kh2 Rb3 63. Rc6+ Ke7 64.
Kg3 Rxe3 65. g5 Re2 66. g6 Nf1+ 67. Kh3 Ne3 68. g3 Re1 69. Kh4 Nf5+ 70. Kg5 Nxg3 71. g7 Rg1 72. Rc7+ Kd6 73. Rd7+ Ke6 74. g8=Q# 1-0